 Dungeon Crawl Stone Soup version 0.20.0-8-g6b59dc7 (webtiles) character file.

1187 Chiseanne the Conjurer (level 8, -3/54 HPs)
             Began as a Demonspawn Wizard on June 1, 2017.
             Slain by Blork the orc
             ... wielding a +0 trident
              (5 damage)
             ... on level 4 of the Dungeon.
             The game lasted 00:16:11 (8180 turns).

Chiseanne the Conjurer (Demonspawn Wizard)          Turns: 8180, Time: 00:16:11

Health: -3/54      AC:  4    Str:  7    XL:     8   Next: 19%
Magic:  17/18      EV: 12    Int: 23    God:
Gold:   122        SH:  0    Dex: 11    Spells: 11/20 levels left

rFire    . . .     SeeInvis .   e - -1 club (curse)
rCold    + . .     Gourm    .   (no shield)
rNeg     . . .     Faith    .   a - +0 robe
rPois    .         Spirit   .   b - +0 hat
rElec    .         Reflect  .   (no cloak)
rCorr    .         Harm     .   (no gloves)
MR       .....                  (no boots)
Stlth    +.........             (no amulet)
Regen    0.2/turn               f - ring of loudness (curse)
MPRegen  0.2/turn               (no ring)

@: no status effects
A: antennae 1, rugged brown scales 2, cold resistance 1, powered by pain 1
a: no special abilities


You were on level 4 of the Dungeon.
You were not hungry.

You visited 1 branch of the dungeon, and saw 4 of its levels.

You collected 122 gold pieces.

Inventory:

Hand Weapons
 c - a +1 halberd of venom
 e - a cursed -1 club (weapon)
 j - a +1 short sword of venom
Missiles
 h - 102 stones (quivered)
 k - 9 sling bullets
 p - 4 tomahawks
 q - 2 throwing nets
Armour
 a - a +0 robe (worn)
 b - a +0 hat (worn)
Jewellery
 f - a cursed ring of loudness (left hand)
 o - a +3 ring of slaying {unknown}
Scrolls
 i - a scroll of fear
 s - a scroll of identify
Comestibles
 d - 3 bread rations
 l - 7 fruits
 m - 2 meat rations
 n - 3 royal jellies
 t - a chunk of flesh


   Skills:
 - Level 1.7 Dodging
 - Level 1.7 Stealth
 * Level 6.9 Spellcasting
 * Level 7.0 Conjurations
   Level 1.0 Summonings
 - Level 0.8 Translocations


You had 11 spell levels left.
You knew the following spells:

 Your Spells              Type           Power        Failure   Level  Hunger
a - Magic Dart            Conj           ####         1%          1    None
b - Blink                 Tloc           N/A          9%          2    None
c - Conjure Flame         Conj/Fire      ###.....     5%          3    None
d - Mephitic Cloud        Conj/Pois/Air  ###.....     9%          3    None


Dungeon Overview and Level Annotations

Branches:
Dungeon (4/15)
 Temple: D:4-7

Altars:
Cheibriados

Annotations:
D:3 Edmund
D:4 Blork the orc


Innate Abilities, Weirdness & Mutations

You have a pair of small antennae on your head.
You are mostly covered in rugged brown scales. (AC +2, +5% HP)
Your flesh is cold resistant. (rC+)
You sometimes gain a little power by taking damage.


Message History

Confirm with . or Enter, or press ? or * to list all spells.
Aiming: Magic Dart
Press: ? - help, Shift-Dir - straight line, f - you That beam is likely to hit you.
Continue anyway?
Okay, then.
Unknown command.
A puff of flame appears from out of thin air!
The puff of flame hits you!
* * * LOW HITPOINT WARNING * * *
A puff of flame appears from out of thin air!
The puff of flame misses you.
It was a potion of agility.
You feel more agile all of a sudden. Something misses you.
It was a potion of cancellation.
Your magical effects are unravelling.
You feel magically purged.
You feel a little less agile now. Something hits you.
You die...

..#..#....### ##
..#..#...)#######
................
#.#.......###..
#.#............
###....##.#######
.. #...{..##.####
#..
#...##.........#
##... ###
#@........###.....
#.##..........#...
#.................
#.#...............
#.#####.##........
##.#####......#.###
##.....######....#
##.......#####5.#.#
#.................#


There were no monsters in sight!

Vanquished Creatures
  Grinder (D:4)
  4 ogres
  A howler monkey (D:4)
  3 gnoll shamans
  3 worker ants
  An iguana (D:3)
  A killer bee zombie (D:4)
  28 gnolls
  2 adders
  An ooze (D:1)
  3 worms
  A dart slug (D:3)
  5 leopard geckos
  7 orcs
  A ball python (D:3)
  6 bats
  2 giant cockroaches
  10 goblins
  11 hobgoblins
  20 jackals
  9 kobolds
  2 quokkas
  6 frilled lizards
  6 rats
  A toadstool (D:1)
135 creatures vanquished.

Vanquished Creatures (others)
  3 toadstools (D:1)
3 creatures vanquished.

Grand Total: 138 creatures vanquished

Notes
Turn   | Place    | Note
-------+----------+-------------------------------------------
     0 | D:1      | Chiseanne the Demonspawn Wizard began the quest for the Orb.
     0 | D:1      | Reached XP level 1. HP: 13/13 MP: 4/4
   575 | D:1      | Gained mutation: You sometimes gain a little power by taking damage. [demonic ancestry]
   575 | D:1      | Reached XP level 2. HP: 19/19 MP: 1/6
   638 | D:1      | Found a snail-covered altar of Cheibriados.
   881 | D:1      | Learned a level 2 spell: Blink
   906 | D:1      | Reached skill level 2 in Conjurations
  1379 | D:1      | Gained mutation: Your flesh is cold resistant. (rC+) [demonic ancestry]
  1379 | D:1      | Reached XP level 3. HP: 24/24 MP: 4/7
  1582 | D:2      | Learned a level 3 spell: Conjure Flame
  2566 | D:2      | Reached skill level 3 in Conjurations
  2625 | D:2      | Learned a level 3 spell: Mephitic Cloud
  2746 | D:2      | Gained mutation: You are partially covered in rugged brown scales. (AC +1, +3% HP) [demonic ancestry]
  2746 | D:2      | Reached XP level 4. HP: 24/30 MP: 0/9
  3756 | D:3      | Reached XP level 5. HP: 36/36 MP: 8/11
  4503 | D:2      | Reached skill level 4 in Conjurations
  5075 | D:3      | Gained mutation: You are mostly covered in rugged brown scales. (AC +2, +5% HP) [demonic ancestry]
  5075 | D:3      | Reached XP level 6. HP: 36/43 MP: 3/13
  5343 | D:4      | Noticed Grinder
  5355 | D:3      | HP: 2/43 [cloud of noxious fumes (2)]
  5432 | D:3      | Reached skill level 5 in Spellcasting
  6269 | D:3      | Reached skill level 5 in Conjurations
  6381 | D:3      | Reached XP level 7. HP: 48/48 MP: 8/15
  6870 | D:4      | Paralysed by Grinder for 2 turns
  7020 | D:4      | Noticed Edmund
  7538 | D:4      | Reached skill level 6 in Conjurations
  7790 | D:4      | Paralysed by Grinder for 2 turns
  7801 | D:4      | Paralysed by Grinder for 7 turns
  7814 | D:4      | Killed Grinder
  7814 | D:4      | Gained mutation: You have a pair of small antennae on your head. [demonic ancestry]
  7814 | D:4      | Reached XP level 8. HP: 15/54 MP: 6/18
  8169 | D:4      | Noticed Blork the orc
  8172 | D:4      | Reached skill level 7 in Conjurations
  8176 | D:4      | HP: 1/54 [something/puff of flame (6)]
  8180 | D:4      | Slain by Blork the orc

Skill      XL: |  1  2  3  4  5  6  7  8 |
---------------+-------------------------+-----
Conjurations   | 2 3 4 5 6 7 |  7.0
Spellcasting   | 4 5 6 |  6.9
Dodging        | |  1.7
Stealth        | |  1.7
Summonings     | |  1.0
Translocations | |  0.8

Action                   |  1- 3 |  4- 6 |  7- 9 || total
-------------------------+-------+-------+-------++-------
Melee: Club              |    11 |    11 |     3 ||    25
       Unarmed           |     5 |       |       ||     5
 Cast: Magic Dart        |   104 |   257 |   116 ||   477
       Mephitic Cloud    |       |    10 |     4 ||    14
       Blink             |       |     4 |     5 ||     9
  Use: Scroll            |     2 |     2 |     1 ||     5
       Potion            |       |     2 |     2 ||     4
  Eat: Chunk             |     5 |    12 |     5 ||    22
       Fruit             |       |       |     1 ||     1
Armor: Robe              |     7 |    22 |     5 ||    34
Dodge: Dodged            |    26 |    80 |    23 ||   129
